AoeStats
← Chuckles

Arabia

509227352Analyzed
1v1 RM · 7d ago on Sep 26, 2026· 35m 8s· 2 players
Game mode
Random Map
Map size
Tiny (2 player)
Population
200
Speed
Normal
Resources
Standard
Victory
Conquest
Starting age
Dark Age
Ending age
Imperial Age
RankedLock teamsTeams togetherTeam positionsShared explorationLock speedFull tech treeHidden civsTurbo modeCheats
Victory
Defeat
🇦🇷 Sicilians · Argentina
855
+16
🇺🇸 Koreans · United States
860
-40
Downk
3:42 Loom
15:05 Feudal Age
15:58 Double-Bit Axe
26:30 Castle Age
25:54 Stone Mining
33:17 Scale Barding Armor
33:29 Forging
33:49 Bloodlines
35:46 Scale Mail Armor
Chuckles
16:48 Feudal Age
16:14 Loom
Connection lost

Rejoining the realm…

Still unreachable

The connection could not be restored.

Session expired

The server has moved on; the page needs a fresh start.